Map: Ephemeron LE

Players

Zanster - Winner!

  • Race: Zerg Zerg
  • Spawn Location: 5:00

HellraiseR

  • Race: Protoss Protoss
  • Spawn Location: 11:00

Event: HomeStory Cup XX

VOD

Have the link to the VOD?

Description

Time

  • Played on: Nov. 22, 2019, 4:23 a.m.
  • Length: 11:21

All games in this series

Show
View Real Time Build Order
Export as new Build Order

Zanster Zerg - Winner!

Build Orders: Hatch First 

Get SALT Encoding   

  12  0:00  Drone  
  13  0:13  Overlord  
  13  0:16  Drone  
  14  0:32  Drone x2  
  16  0:48  Hatchery  
  15  0:52  Drone  
  15  0:55  Drone  
  17  0:58  Drone  
  18  1:11  Extractor  
  17  1:13  Spawning Pool  
  16  1:18  Drone  
  16  1:20  Drone  
  18  1:29  Drone  
  19  1:40  Drone  
  20  1:50  Drone  
  21  2:00  Overlord  
  21  2:01  Queen x2  
  21  2:02  Zergling x2  
  26  2:13  Zergling x2  
  26  2:14  Drone  
  28  2:15  Metabolic Boost  
  28  2:23  Drone  
  28  2:24  Drone  
  30  2:36  Hatchery  
  29  2:38  Drone  
  30  2:46  Queen  
  30  2:49  Drone  
  33  2:54  Drone  
  33  2:56  Overlord  
  34  3:00  Drone x2  
  36  3:08  Overlord  
  36  3:17  Drone x5  
  40  3:21  Queen  
  40  3:26  Queen  
  44  3:31  Drone  
  44  3:33  Overlord  
  45  3:37  Drone  
  45  3:38  Drone  
  47  3:47  Overlord  
  47  3:49  Zergling x4  
  47  3:52  Spore Crawler, Drone x3  
  51  3:57  Queen  
  51  4:01  Drone  
  54  4:03  Spore Crawler, Drone  
  54  4:06  Drone  
  56  4:10  Drone x2  
  56  4:15  Drone x3  
  60  4:23  Overlord  
  57  4:25  Drone  
  57  4:28  Overlord  
  57  4:30  Drone  
  59  4:31  Drone  
  59  4:33  Drone  
  59  4:36  Drone  
  59  4:37  Drone x2  
  64  4:41  Drone  
  64  4:43  Drone  
  64  4:44  Overlord  
  66  4:50  Drone x3  
  66  4:51  Roach Warren  
  68  4:55  Drone x4  
  68  4:58  Drone  
  68  4:59  Drone  
  72  5:02  Drone  
  72  5:05  Lair  
  73  5:07  Drone  
  73  5:08  Drone x2  
  73  5:09  Drone  
  73  5:11  Drone  
  73  5:13  Drone x2  
  73  5:14  Drone  
  81  5:20  Drone x2  
  81  5:21  Extractor, Drone  
  84  5:22  Extractor  
  84  5:23  Extractor  
  84  5:24  Extractor, Overlord  
  84  5:28  Drone  
  81  5:29  Extractor, Spore Crawler  
  81  5:30  Drone  
  80  5:39  Hatchery, Zergling x8  
  80  5:41  Overlord  
  83  5:48  Drone  
  84  5:54  Drone  
  84  5:55  Drone  
  86  5:58  Roach x4  
  86  5:59  Roach x2  
  86  6:00  Overlord  
  86  6:03  Roach  
  86  6:04  Roach  
  102  6:05  Spine Crawler  
  102  6:06  Spine Crawler x2  
  102  6:07  Roach x2  
  103  6:12  Glial Reconstitution  
  103  6:16  Roach  
  103  6:17  Overlord, Spine Crawler  
  105  6:18  Overlord  
  105  6:19  Overlord, Roach  
  105  6:20  Roach  
  109  6:27  Roach  
  109  6:32  Roach  
  113  6:33  Roach  
  113  6:34  Overlord  
  109  6:41  Roach x3  
  109  6:44  Roach x5  
  109  6:46  Ravager  
  116  6:49  Roach  
  111  6:59  Roach  
  111  7:00  Roach x4  
  114  7:02  Roach  
  114  7:08  Ravager  
  114  7:09  Ravager x2  
  114  7:10  Roach x2  
  114  7:12  Roach  
  122  7:15  Ravager  
  122  7:16  Ravager x2, Overlord  
  122  7:18  Roach  
  124  7:24  Roach  
  124  7:25  Roach x2  
  124  7:32  Evolution Chamber  
  124  7:34  Roach x4  
  127  7:42  Roach x5  
  127  7:43  Zergling x4  
  131  7:58  Drone x4  
  134  7:59  Drone x2  
  134  8:02  Drone  
  134  8:04  Hatchery  
  134  8:05  Drone x5  
  142  8:06  Drone  
  142  8:08  Drone  
  142  8:11  Zerg Melee Weapons Level 1  
  140  8:24  Drone, Spire  
  140  8:32  Roach  
  140  8:33  Roach x6  
  152  8:38  Overlord  
  132  8:49  Overlord  
  132  8:51  Drone  
  132  8:52  Drone  
  132  8:53  Drone  
  132  8:54  Drone  
  132  8:55  Drone x5  
  141  8:57  Zergling x6  
  144  9:14  Zergling x12  
  144  9:15  Overlord  
  150  9:18  Overlord  
  150  9:19  Overlord  
  150  9:34  Overseer  
  150  9:39  Mutalisk x11  
  172  9:47  Zergling x2, Roach x3  
  172  9:49  Spore Crawler  
  172  9:50  Extractor  
  172  9:52  Roach  
  181  9:53  Zergling x4, Roach x2  
  181  9:55  Baneling Nest  
  184  10:01  Zergling x10, Roach x3  
  184  10:03  Overlord  
  181  10:27  Roach  
  181  10:28  Zergling x10, Roach x3  
  172  10:36  Zergling x2, Roach  
  172  10:37  Zergling x12, Roach x4  
  172  10:38  Ravager x3  
  184  10:42  Zergling x2, Roach  
  184  10:43  Zergling x2  
  184  10:49  Roach x4  
  181  10:50  Roach  
  183  10:58  Zergling x6, Roach x5  
Show
View Real Time Build Order
Export as new Build Order

HellraiseR Protoss 

Build Orders: 1 Gate Expand, Oracle Opening, Phoenix Opening, Archon Immortal 

Get SALT Encoding   

  12  0:00  Probe  
  13  0:12  Probe  
  14  0:19  Pylon  
  14  0:25  Probe  
  15  0:33  Probe  
  15  0:38  Gateway  
  15  0:41  Probe  
  16  0:47  Assimilator  
  17  0:52  Probe  
  18  1:04  Probe  
  19  1:21  Probe  
  20  1:29  Nexus  
  20  1:37  Cybernetics Core  
  21  1:40  Probe  
  21  1:46  Assimilator  
  21  1:52  Probe  
  22  1:56  Pylon  
  22  2:04  Adept, Probe  
  23  2:15  Probe  
  25  2:17  Stargate  
  26  2:23  Warp Gate, Probe  
  27  2:34  Probe  
  27  2:36  Adept  
  30  2:38  Probe  
  31  2:46  Probe x2  
  33  2:55  Probe  
  33  2:56  Phoenix  
  33  2:58  Probe  
  37  3:07  Probe  
  37  3:08  Pylon  
  38  3:15  Probe  
  38  3:16  Oracle  
  39  3:20  Gateway  
  39  3:21  Probe  
  43  3:27  Probe  
  43  3:33  Probe  
  45  3:35  Assimilator  
  45  3:37  Assimilator  
  45  3:39  Probe  
  46  3:43  Pylon  
  46  3:45  Probe  
  46  3:47  Oracle  
  47  3:51  Probe  
  51  3:57  Probe  
  52  4:03  Probe  
  52  4:04  Robotics Facility  
  52  4:09  Probe  
  54  4:15  Pylon, Probe  
  54  4:16  Oracle  
  55  4:21  Probe  
  56  4:28  Gateway  
  56  4:29  Gateway  
  60  4:33  Gateway  
  60  4:35  Gateway  
  59  4:39  Zealot  
  59  4:40  Sentry  
  59  4:41  Immortal  
  64  5:07  Sentry x2  
  64  5:09  Nexus  
  64  5:10  Pylon  
  64  5:11  Warp Prism  
  64  5:12  Pylon  
  70  5:31  Probe x2  
  70  5:35  Stalker x2, Sentry x2  
  78  5:38  Sentry  
  78  5:39  Zealot  
  84  5:44  Pylon  
  85  5:57  Probe x2  
  86  6:05  Stalker x4  
  86  6:08  Pylon  
  94  6:21  Probe, Zealot x2  
  99  6:28  Probe  
  99  6:29  Probe  
  97  6:36  Stalker x4  
  97  6:38  Probe  
  95  6:40  Probe  
  91  6:49  Stalker x2  
  91  6:54  Probe  
  90  6:56  Immortal  
  90  7:00  Zealot  
  96  7:08  Probe  
  92  7:13  Twilight Council  
  92  7:15  Forge  
  93  7:17  Sentry x3  
  93  7:19  Zealot x2  
  93  7:22  Probe x2  
  101  7:23  Probe  
  101  7:28  Observer  
  104  7:30  Probe x2  
  104  7:31  Probe  
  106  7:37  Protoss Ground Weapons Level 1  
  106  7:38  Probe  
  106  7:39  Probe  
  106  7:41  Probe  
  103  7:45  Immortal  
  103  7:48  Charge  
  103  7:50  Probe  
  108  7:58  Pylon  
  108  8:00  Pylon  
  108  8:09  Probe  
  109  8:13  Immortal, Gateway  
  109  8:15  Gateway  
  109  8:16  Probe x2  
  109  8:18  Pylon  
  111  8:25  Probe  
  116  8:31  Stalker x2  
  116  8:32  Stalker  
  114  8:38  Probe  
  114  8:39  Probe  
  109  8:43  Probe  
  109  8:45  Stalker  
  109  8:46  Zealot  
  114  8:50  Probe  
  114  8:51  Templar Archives  
  114  8:52  Assimilator, Probe  
  114  8:54  Immortal  
  117  8:55  Probe  
  117  8:56  Assimilator  
  121  9:03  Probe  
  121  9:04  Probe  
  121  9:07  Probe  
  124  9:16  Pylon  
  124  9:17  Pylon, Photon Cannon  
  124  9:19  Pylon  
  124  9:25  Immortal  
  124  9:31  Photon Cannon  
  124  9:35  High Templar x2, Zealot x2  
  136  9:39  Archon  
  136  9:43  High Templar  
  136  9:44  High Templar  
  136  9:45  Zealot x2  
  144  9:50  Pylon  
  144  9:51  Archon  
  144  10:04  Nexus  
  144  10:06  Pylon  
  144  10:10  Zealot x5  
  147  10:22  Zealot x2  
  129  10:28  Phoenix  
  129  10:31  Stalker  
  129  10:32  Stalker x2  
  118  10:41  Stalker x2  
  115  10:45  Phoenix  
  93  11:04  Stalker  
  93  11:05  Stalker x3  
Tags
 
Add a new tag
Caveats
  • Supply blocks, unpowered buildings, or Contaminate may cause inaccurate times.
  • Supply counts are checked every 10 seconds.